 Dungeon Crawl Stone Soup version 0.27-a0-650-g8dd3ea4f36 (webtiles) character file.

Game seed: 5213440691119069918

49236 MalarOregon the Covert (level 14, -12/99 HPs)
             Began as a Halfling Brigand on Mar 16, 2021.
             Was the Champion of Okawaru.
             Killed from afar by a fire dragon (43 damage)
             ... with a blast of flame
             ... on level 9 of the Dungeon.
             The game lasted 01:08:10 (25946 turns).

MalarOregon the Covert (Halfling Brigand)          Turns: 25946, Time: 01:08:11

Health: -12/99     AC: 21    Str: 12    XL:     14   Next: 91%
Magic:  9/17       EV: 24    Int: 13    God:    Okawaru [******]
Gold:   1380       SH:  0    Dex: 17    Spells: 6/18 levels left

rFire    . . .     SeeInvis .   N - +11 short sword of Globe {elec, +Blink rPois rF- Stlth+}
rCold    + + .     Faith    +   (shield restricted)
rNeg     . . .     Spirit   .   m - +1 acid dragon scales
rPois    +         Reflect  .   R - +1 helmet of Alext {Regen+}
rElec    +         Harm     .   J - +2 cloak
rCorr    +         Rampage  .   A - +2 pair of gloves
Will     +....                  (no boots)
Stlth    ++++++++..             Q - amulet of faith {!P}
HPRegen  1.26/turn              o - ring of protection from cold
MPRegen  0.15/turn              G - +4 ring of protection

@: resistant, heroic
A: small, no large weapons, mutation resistance 1
a: Renounce Religion, Evoke Blink, Heroism, Finesse


You were on level 9 of the Dungeon.
You worshipped Okawaru.
Okawaru was exalted by your worship.
You visited 4 branches of the dungeon, and saw 20 of its levels.

You collected 1380 gold pieces.

Inventory:

Hand Weapons
 a - a +0 falchion of flaming
   (You took it off an orc on level 1 of the Orcish Mines)
 b - a +2 falchion of holy wrath
   (You found it on level 7 of the Dungeon)
 y - a +1 dagger of venom
   (You found it on level 3 of the Dungeon)
 N - the +11 short sword of Globe (weapon) {elec, +Blink rPois rF- Stlth+}
   (Okawaru gifted it to you on level 10 of the Dungeon)

   Occasionally, upon striking a foe, it can discharge electrical energy and
   cause terrible harm.
   It makes you vulnerable to fire.
   It protects you from poison.
   It lets you blink.
   It makes you more stealthy.
 O - a +7 vorpal quick blade
   (Okawaru gifted it to you on level 1 of the Lair of Beasts)
Missiles
 p - 2 curare-tipped darts {!f}
 D - 6 atropa-tipped darts
 E - 67 poisoned darts (quivered)
 X - 2 datura-tipped darts
Armour
 m - +1 acid dragon scales (worn)
   (You found it on level 12 of the Dungeon)
 A - a +2 pair of gloves (worn)
   (You found it on level 3 of the Dungeon)
 J - a +2 cloak (worn)
 R - the +1 helmet of Alext (worn) {Regen+}
   (Okawaru gifted it to you on level 2 of the Lair of Beasts)

   It increases your rate of regeneration.
Jewellery
 o - a ring of protection from cold (right hand)
   (You found it on level 1 of the Dungeon)
 G - a +4 ring of protection (left hand)
   (You found it on level 5 of the Dungeon)
 H - a ring of ice
   (You found it on level 11 of the Dungeon)
 Q - an amulet of faith (around neck) {!P}
   (You found it on level 2 of the Dungeon)
 Z - a ring of willpower
   (You found it on level 12 of the Dungeon)
Wands
 t - a wand of flame (4)
   (You found it on level 2 of the Lair of Beasts)
 u - a wand of paralysis (9)
   (You found it on level 5 of the Lair of Beasts)
 v - a wand of digging (1)
   (You found it on level 9 of the Dungeon)
 w - a wand of polymorph (10)
   (You found it on level 7 of the Dungeon)
 x - a wand of acid (19)
   (You found it on level 2 of the Lair of Beasts)
Scrolls
 h - 10 scrolls of teleportation {@r4}
 q - 5 scrolls of amnesia
 r - 5 scrolls of magic mapping
 M - 3 scrolls of immolation {!r}
 W - 3 scrolls of fear
Potions
 f - 3 potions of lignification {!q}
 g - 2 potions of haste {@q3}
 i - 4 potions of flight
 l - 2 potions of ambrosia
 s - 2 potions of cancellation
 z - 4 potions of mutation {!q}
 C - 4 potions of brilliance
 F - 9 potions of curing {@q1}
 I - 2 potions of magic
 L - 3 potions of attraction {!q}
 P - 2 potions of berserk rage
 S - a potion of invisibility
Miscellaneous
 Y - a phial of floods
   (You found it on level 6 of the Lair of Beasts)


   Skills:
 + Level 10.9(15.9) Fighting
 - Level 9.6(17.5) Short Blades
 + Level 11.3(17.2) Long Blades
 - Level 2.0(7.0) Throwing
 - Level 1.0(6.0) Armour
 - Level 12.0(17.0) Dodging
 - Level 13.0(18.0) Stealth
 + Level 2.6 Spellcasting
 - Level 2.0 Conjurations
 - Level 2.0 Hexes
 - Level 2.0 Necromancy
 - Level 5.0 Translocations
 - Level 4.0 Fire Magic


You had 6 spell levels left.
You knew the following spells:

 Your Spells              Type           Power      Damage    Failure   Level
a - Sticky Flame          Conj/Fire      9%         2d3       69%         4
b - Blink                 Tloc           N/A        N/A       7%          2
d - Tukima's Dance        Hex            6%         N/A       41%         3
q - Vampiric Draining     Necr           3%         2d6       41%         3

Your spell library contained the following spells:

 Spells                   Type           Power      Damage    Failure   Level
 Foxfire                  Conj/Fire      36%        2x1d5     10%         1
 Animate Skeleton         Necr           12%        N/A       16%         1
 Corona                   Hex            6%         N/A       16%         1
 Pain                     Necr           24%        1d5       16%         1
 Conjure Flame            Conj/Fire      9%         6-21      30%         3
 Inner Flame              Hex/Fire       9%         N/A       30%         3
 Beastly Appendage        Tmut           2%         N/A       34%         1
 Ensorcelled Hibernation  Hex/Ice        8%         N/A       34%         2
 Confusing Touch          Hex            6%         N/A       41%         3
 Dazzling Flash           Conj/Hex       12%        N/A       41%         3
 Wereblood                Tmut           1%         N/A       45%         2
 Spider Form              Tmut/Pois      0%         N/A       71%         3
 Animate Dead             Necr           3%         N/A       83%         4
 Cause Fear               Hex            3%         N/A       83%         4
 Fireball                 Conj/Fire      4%         3d4       95%         5
 Ice Form                 Ice/Tmut       1%         N/A       98%         4
 Agony                    Necr           6%         N/A       99%         5
 Silence                  Hex/Air        2%         N/A       99%         5
 Yara's Violent Unravell  Hex/Tmut       2%         3d3       99%         5
 Blade Hands              Tmut           0%         N/A       100%        5
 Discord                  Hex            3%         N/A       100%        8


Dungeon Overview and Level Annotations

Branches:
Dungeon (12/15)            Temple (1/1) D:5            Lair (6/6) D:11
 Shoals (0/4) Lair:2        Snake (0/4) Lair:4        Slime (0/5) Lair:6
    Orc (1/2) D:12

Altars:
Ashenzari
Cheibriados
Dithmenos
Elyvilon
Fedhas
Gozag
Hepliaklqana
Kikubaaqudgha
Makhleb
Nemelex Xobeh
Okawaru
Qazlal
Ru
Sif Muna
Trog
Uskayaw
Vehumet
Wu Jian
Xom
Yredelemnul
Zin
The Shining One
Jiyva
Lugonu

Shops:
D:9 (   D:11 *   Orc:1 =

Annotations:
D:9 2 runed translucent doors, diceflayer's ghost, novice MiBe
Lair:6 1 runed translucent door


Innate Abilities, Weirdness & Mutations

You are small and have problems with some larger weapons.
You are somewhat resistant to further mutation.


Message History

The ice dragon claws you. The ice dragon misses you.
The fire dragon breathes flames at you. The blast of flame misses you.
You completely miss the fire dragon.
You hit the fire dragon but do no damage.
You hit the fire dragon.
You hit the fire dragon but do no damage.
The ice dragon breathes frost at you. The blast of cold hits you! You resist.
The fire dragon bites you but does no damage.
The fire dragon claws you.
* * * LOW HITPOINT WARNING * * *
The fire dragon barely misses you.
You hit the fire dragon. You completely miss the fire dragon.
You hit the fire dragon. The ice dragon breathes frost at you.
The blast of cold misses you. The fire dragon completely misses you.
The fire dragon misses you. The fire dragon completely misses you.
You hit the fire dragon. You hit the fire dragon. You punch the fire dragon.
You hit the fire dragon. The ice dragon completely misses you.
The ice dragon claws you but does no damage.
The ice dragon completely misses you. The fire dragon misses you.
The fire dragon claws you but does no damage.
The fire dragon misses you.
You puncture the fire dragon!
You hit the fire dragon but do no damage.
You hit the fire dragon but do no damage.
You feel like a meek peon again.
You gain the combat prowess of a mighty hero.
The ice dragon bites you but does no damage.
The ice dragon claws you.
* * * LOW HITPOINT WARNING * * *
The ice dragon misses you. The fire dragon barely misses you.
The fire dragon completely misses you. The fire dragon misses you.
You hit the fire dragon but do no damage.
The ice dragon closely misses you. The ice dragon claws you.
* * * LOW HITPOINT WARNING * * *
The ice dragon tramples you but does no damage.
The fire dragon bites you!
* * * LOW HITPOINT WARNING * * *
The fire dragon completely misses you. The fire dragon misses you.
You hit the fire dragon.
Okay, then.
You hear the crackle of electricity.
N - the +11 short sword of Globe (weapon)
{elec, +Blink rPois rF- Stlth+} The fire dragon breathes flames at you.
The blast of flame hits you!!!
You die...

########.........[......
#.............########..
#....######...#......#..
#....#....#...#......#..
#....#....#...#......#..
#....#....#...'#'#...#..
#....#....#...##.##..#..
#..[.#....#...#...#..#..
##...#D@..#...#._.#..#..
#...#D####...#...#..#..
#....D.......#####..#..
#............#$$$#..#..
####.........##$#####..
######.#.......#####.....
#..............#._.####..
#.####'####....#...# #..
#.#....#≈≈#....##.## #..


You could see 2 fire dragons and an ice dragon.

Vanquished Creatures
  4 boulder beetles
  2 hydras
  2 catoblepae (Lair:5)
  2 two-headed ogres
  9 death yaks (Lair:6)
  An unseen horror (D:10)
  2 lindwurms (Lair:6)
  An oklob plant (Lair:2)
  2 manticores (Lair:5)
  A cyclops (Orc:1)
  4 black mambas
  11 elephants
  A merfolk siren (Lair:2)
  16 cane toads
  5 torpor snails (Lair:6)
  3 rime drakes
  3 komodo dragons
  3 tyrant leeches (Lair:6)
  6 hornets (Lair:6)
  4 trolls
  3 blink frogs (Lair:5)
  4 slime creatures (D:12)
  2 shadows
  47 yaks
  A vampire (D:9)
  2 wraiths
  7 wyverns
  3 basilisks (Lair:6)
  Grum (Lair:1)
  A warg (Orc:1)
  3 vampire mosquitoes (D:9)
  2 nagas (Lair:4)
  An acid dragon (D:12)
  8 water moccasins
  13 orc warriors
  A sky beast (D:6)
  2 black bears (D:11)
  4 ice beasts
  7 ogres
  4 wolves (Lair:1)
  2 centaurs
  3 phantoms
  12 bullfrogs
  3 scorpions
  10 wights
  A troll zombie (D:12)
  2 electric eels
  4 howler monkeys
  A quasit (D:6)
  2 centaur zombies (D:8)
  5 hounds
  4 jellies
  3 bullfrog zombies
  5 orc priests
  2 centaur skeletons
  5 iguanas
  15 orc wizards
  10 worker ants
  A killer bee zombie (D:7)
  7 ogre zombies (D:12)
  A worker ant zombie (D:11)
  A howler monkey zombie (D:8)
  13 adders
  2 shadow imps
  5 white imps
  An ufetubus (D:6)
  An ooze (D:1)
  3 worms
  2 dart slugs
  6 leopard geckos
  43 orcs
  7 bats
  6 giant cockroaches
  8 goblins
  9 hobgoblins
  6 jackals
  10 kobolds
  3 quokkas
  4 ball pythons
  3 frilled lizards
  A goblin skeleton (D:12)
  A goblin zombie (D:12)
  3 orc skeletons (D:12)
  20 orc zombies (D:12)
  A quokka zombie (D:9)
  6 rats
461 creatures vanquished.

Vanquished Creatures (others)
  20 fungi
  59 plants
  2 withered plants (D:9)
81 creatures vanquished.

Grand Total: 542 creatures vanquished

Notes
Turn   | Place    | Note
-------+----------+-------------------------------------------
     0 | D:1      | MalarOregon the Halfling Brigand began the quest for the
                  | Orb.
     0 | D:1      | Reached XP level 1. HP: 14/14 MP: 1/1
   153 | D:1      | Reached XP level 2. HP: 8/19 MP: 2/2
   446 | D:1      | Reached XP level 3. HP: 22/24 MP: 3/3
   755 | D:1      | Reached skill level 5 in Stealth
  1350 | D:2      | Reached XP level 4. HP: 29/29 MP: 4/4
  1901 | D:2      | Found a shimmering altar of Xom.
  2415 | D:2      | Found a sacrificial altar of Ru.
  2415 | D:2      | Found a blossoming altar of Fedhas.
  2416 | D:2      | Found an ornate altar of the Wu Jian Council.
  2605 | D:3      | Reached XP level 5. HP: 11/35 MP: 5/5
  2879 | D:3      | Found a white marble altar of Elyvilon.
  2880 | D:3      | Found a glowing golden altar of the Shining One.
  2880 | D:3      | Found an ancient bone altar of Kikubaaqudgha.
  2909 | D:3      | Found a broken altar of Ashenzari.
  3584 | D:4      | Reached skill level 1 in Long Blades
  3633 | D:4      | Reached XP level 6. HP: 30/41 MP: 6/6
  4023 | D:4      | Noticed a water moccasin
  4025 | D:4      | Killed a water moccasin
  4234 | D:4      | Reached skill level 5 in Short Blades
  4234 | D:4      | Reached XP level 7. HP: 46/46 MP: 7/7
  4624 | D:5      | Entered Level 5 of the Dungeon
  4647 | D:5      | Reached skill level 6 in Stealth
  4999 | D:5      | Found a staircase to the Ecumenical Temple.
  5111 | D:5      | Found a hide-covered altar of Uskayaw.
  5196 | Temple   | Entered the Ecumenical Temple
  5420 | D:6      | Reached XP level 8. HP: 43/52 MP: 8/8
  7025 | D:5      | Reached skill level 7 in Stealth
  7521 | D:6      | Reached XP level 9. HP: 42/53 MP: 9/9
  7899 | D:7      | Found a shimmering blue altar of Sif Muna.
  7910 | D:7      | Identified Sif Muna's Incunabulum of Translocation
  7916 | D:7      | Found a bloodstained altar of Trog.
  8118 | D:7      | Reached skill level 5 in Dodging
  8277 | D:7      | Found a glowing golden altar of the Shining One.
  8525 | D:7      | Found a burning altar of Makhleb.
  8948 | Temple   | Became a worshipper of Warmaster Okawaru
  9095 | D:8      | Found a shadowy altar of Dithmenos.
  9215 | D:8      | Noticed a two-headed ogre
  9437 | D:8      | Killed a two-headed ogre
  9437 | D:8      | Reached * piety under Okawaru
  9437 | D:8      | Reached ** piety under Okawaru
  9447 | D:8      | Reached skill level 5 in Fighting
  9837 | D:8      | Reached skill level 8 in Stealth
  9837 | D:8      | Reached XP level 10. HP: 60/66 MP: 10/10
 10112 | D:8      | Reached skill level 5 in Long Blades
 10586 | D:8      | Found an iron altar of Okawaru.
 10694 | D:8      | Found a radiant altar of Vehumet.
 10908 | D:8      | Reached *** piety under Okawaru
 11419 | D:9      | Noticed a two-headed ogre
 11504 | D:9      | Killed a two-headed ogre
 11655 | D:9      | Found Qiman's Weapon Shoppe.
 11685 | D:9      | Reached skill level 9 in Stealth
 11769 | D:9      | Noticed an ice dragon
 11791 | D:9      | Reached **** piety under Okawaru
 12078 | D:9      | Noticed a fire dragon
 12078 | D:9      | Noticed an ice dragon
 12081 | D:9      | Noticed a fire dragon
 12083 | D:9      | Found a glowing silver altar of Zin.
 12094 | D:9      | Found the +2 shield of Resistance {rF++ rC++ Will++}
 12094 | D:9      | Found a runed translucent door.
 12336 | D:9      | Found a runed translucent door.
 12336 | D:9      | Noticed diceflayer's ghost (novice MiBe)
 12401 | D:9      | HP: 3/69 [something (6)]
 12812 | D:9      | Found a stormy altar of Qazlal.
 12992 | D:9      | Found a runed translucent door.
 13023 | D:9      | Found an opulent altar of Gozag.
 13095 | D:10     | Entered Level 10 of the Dungeon
 13097 | D:10     | Reached XP level 11. HP: 74/74 MP: 11/11
 13725 | D:10     | You fall into a shaft and drop 1 floor!
 13733 | D:11     | Learned a level 2 spell: Blink
 13737 | D:11     | Learned a level 3 spell: Tukima's Dance
 13823 | D:11     | Found a shadowy altar of Dithmenos.
 13853 | D:11     | Found Giywned's General Store.
 14038 | D:11     | Received a gift from Okawaru
 14141 | D:11     | Reached skill level 10 in Stealth
 14367 | D:10     | Reached ***** piety under Okawaru
 15157 | D:10     | Identified the +11 short sword of Globe {elec, +Blink rPois
                  | rF- Stlth+} (Okawaru gifted it to you on level 10 of the
                  | Dungeon)
 15157 | D:10     | Received a gift from Okawaru
 16282 | D:10     | Killed an unseen horror
 16399 | D:11     | Found a staircase to the Lair.
 16399 | D:11     | Noticed an elephant
 17359 | D:11     | Killed an elephant
 17610 | Lair:1   | Entered Level 1 of the Lair of Beasts
 17887 | Lair:1   | Reached XP level 12. HP: 68/82 MP: 12/12
 17954 | Lair:1   | Noticed Grum
 17957 | Lair:1   | Reached skill level 11 in Stealth
 17994 | Lair:1   | Received a gift from Okawaru
 18060 | Lair:1   | Killed Grum
 18717 | Lair:2   | Noticed a six-headed hydra
 18717 | Lair:2   | Noticed a five-headed hydra
 18850 | Lair:1   | Killed a six-headed hydra
 19057 | Lair:2   | Reached ****** piety under Okawaru
 19058 | Lair:2   | Reached skill level 10 in Dodging
 19142 | Lair:2   | Found a staircase to the Shoals.
 19298 | Lair:2   | Killed a five-headed hydra
 20013 | Lair:2   | Identified the +1 helmet of Alext {Regen+} (Okawaru gifted
                  | it to you on level 2 of the Lair of Beasts)
 20013 | Lair:2   | Received a gift from Okawaru
 20265 | Lair:3   | Reached skill level 12 in Stealth
 20313 | Lair:3   | Reached XP level 13. HP: 81/90 MP: 13/13
 21149 | Lair:4   | Found a staircase to the Snake Pit.
 21852 | Lair:5   | Noticed a catoblepas
 21853 | Lair:5   | Noticed a catoblepas
 21860 | Lair:5   | Learned a level 3 spell: Vampiric Draining
 21865 | Lair:5   | Learned a level 4 spell: Sticky Flame
 22021 | Lair:5   | Killed a catoblepas
 22188 | Lair:5   | Reached skill level 1 in Armour
 22188 | Lair:5   | Reached skill level 1 in Translocations
 22188 | Lair:5   | Reached skill level 1 in Fire Magic
 22246 | Lair:5   | Killed a catoblepas
 22247 | Lair:5   | Reached skill level 10 in Long Blades
 22247 | Lair:5   | Reached skill level 1 in Conjurations
 22247 | Lair:5   | Reached skill level 1 in Hexes
 22247 | Lair:5   | Reached skill level 1 in Necromancy
 22552 | Lair:5   | Reached skill level 1 in Spellcasting
 22795 | Lair:6   | Entered Level 6 of the Lair of Beasts
 22909 | Lair:6   | Received a gift from Okawaru
 23280 | Lair:6   | Noticed a boulder beetle
 23286 | Lair:6   | Killed a boulder beetle
 23473 | Lair:6   | Reached XP level 14. HP: 95/98 MP: 15/15
 23561 | Lair:6   | Reached skill level 10 in Fighting
 23561 | Lair:6   | Reached skill level 13 in Stealth
 23651 | Lair:6   | Found a runed translucent door.
 23693 | Lair:6   | Paralysed by a hornet for 2 turns
 23783 | Lair:6   | Received a gift from Okawaru
 24133 | Lair:6   | Reached skill level 5 in Translocations
 24174 | Lair:6   | Found a viscous altar of Jiyva.
 24174 | Lair:6   | Found a staircase to the Slime Pits.
 24579 | D:12     | Found a staircase to the Orcish Mines.
 25119 | D:12     | Received a gift from Okawaru
 25578 | Orc:1    | Entered Level 1 of the Orcish Mines
 25754 | Orc:1    | Found Uleciu's Jewellery Emporium.
 25946 | D:9      | Killed from afar by a fire dragon

Illustrated notes

Levels and vault maps discovered:
D:1:      matt_arrival_los_fun, layout_loops_cross, minmay_split_cup_large
D:2:      minmay_wonky_spiral, layout_basic, nicolae_overflow_hidden_temple,
          gammafunk_temple_overflow_claw
D:3:      layout_loops_ring, nicolae_overflow_quartered_altars
D:4:      layout_basic, minivault_11
D:5:      layout_rooms, minmay_temple_entry_glass, basic_altar
D:6:      layout_loops_ring
D:7:      layout_loops_ring, nzn_overflow_gifts_of_might_and_magic,
          lemuel_crystal_altar, basic_altar
D:8:      layout_loops_ring, kennysheep_little_box, overflow_temple_1_default,
          serial_aquarium, aquarium_bridge_square [aquarium_subvault_balcony,
          aquarium_subvault_wall, aquarium_subvault_bridge,
          aquarium_subvault_bridge], aquarium_window_corner,
          aquarium_window_fake, aquarium_view_2g, aquarium_balcony_double_3,
          aquarium_pool_split, okawaru_altar_gauntlet_db
D:9:      layout_irregular_city, pdpol_temple_overflow_zin_treasury_gozag_greed,
          lemuel_doored_altar, serial_shops, shop, gammafunk_ghost_grave,
          minmay_guarded_unrand_resistance
D:10:     layout_rooms
D:11:     layout_long_grid, david_lair_generic, serial_shops, shop,
          nicolae_dithmenos_through_a_glass_darkly
D:12:     layout_loops_cross, zombieorc2_lemuel, due_unseen_surprise
Temple:   corrupted_temple
Lair:1:   layout_long_grid, minivault_26, chequers_serial_rivers_small_a,
          uniq_grum
Lair:2:   layout_small_grid, minmay_shoals_entry_lonely_mermaid,
          minmay_lair_oklob_bushes
Lair:3:   layout_loops_ring, chequers_serial_rivers_micro_e,
          nicolae_lair_grove_arrangements, grunt_megastairs_4
Lair:4:   layout_cave_pods, guppyfry_snake_entry_island,
          nicolae_quartered_pool_super
Lair:5:   nzn_motion_control, layout_cave_pods, columned_hall_lemuel
Lair:6:   wormcave, layout_cave_pods, dpeg_slime_entry_enclosed_altar,
          serial_bayou_pond_b, hangedman_lair_unloving_vines, lemuel_fruit_tree
Orc:1:    layout_diamond_mine, serial_shops, shop, basic_altar, uniq_jorgrun

Skill      XL: |  1  2  3  4  5  6  7  8  9 10 11 12 13 14 |
---------------+-------------------------------------------+-----
Fighting       | 2 3 4 5 6 7 9 10 | 10.9
Short Blades   | 3 4 5 6 7 9 |  9.6
Stealth        | 5 6 7 8 9 10 12 13 | 13.0
Dodging        | 2 3 4 5 7 9 10 11 12 | 12.0
Long Blades    | 1 2 3 4 6 8 9 10 11 | 11.3
Armour         | 1 |  1.0
Translocations | 2 5 |  5.0
Fire Magic     | 2 4 |  4.0
Conjurations   | 2 |  2.0
Hexes          | 2 |  2.0
Necromancy     | 2 |  2.0
Spellcasting   | 1 2 |  2.6
Throwing       | |  2.0

Action                   |  1- 3 |  4- 6 |  7- 9 | 10-12 | 13-15 || total
-------------------------+-------+-------+-------+-------+-------++-------
Melee: Dagger            |   107 |    78 |   301 |   792 |       ||  1278
       Long sword        |       |    12 |     6 |       |       ||    18
       Falchion          |       |       |    19 |   134 |       ||   153
       Short sword       |       |       |       |    63 |   677 ||   740
       Quick blade       |       |       |       |       |    21 ||    21
       Punch             |       |       |       |       |     2 ||     2
 Fire: Hunting sling     |       |       |    21 |       |       ||    21
Throw: Dart              |       |    15 |    31 |    32 |       ||    78
Invok: Heroism           |       |       |       |     2 |     3 ||     5
       Finesse           |       |       |       |       |     1 ||     1
Evoke: Wand              |       |       |       |    19 |     1 ||    20
  Use: Scroll            |       |       |    10 |     5 |    25 ||    40
       Potion            |       |       |     1 |     3 |     2 ||     6
 Stab: Sleeping          |     9 |    15 |    11 |    24 |    32 ||    91
       Distracted        |       |     1 |     1 |     2 |     1 ||     5
Armor: Robe              |    11 |    13 |    16 |    73 |       ||   113
       Leather armour    |       |     3 |    39 |       |       ||    42
       Skin              |       |       |       |    18 |       ||    18
       Troll leather arm |       |       |       |   102 |    77 ||   179
       Acid dragon scale |       |       |       |       |    12 ||    12
Dodge: Dodged            |    67 |    46 |   183 |   634 |   350 ||  1280
       Rpst.: Long sword |       |       |     2 |       |       ||     2
       Falchion          |       |       |     5 |    32 |       ||    37

Table legend: (Time is in decaauts)
 A = Elapsed time spent in this place.
 B = Non-inter-level travel time spent in this place.
 C = Inter-level travel time spent in this place.
 D = Time resting spent in this place.
 E = Time spent auto-exploring this place.
 F = Levels seen in this place.
 G = Mean time per level.
                   A        B        C        D        E       F      G
               +--------+--------+--------+--------+--------+-----+--------+
         Total |  25029 |  23494 |   1535 |   4425 |  13830 |  20 | 1251.4 |
       Dungeon |  18198 |  17125 |   1073 |   3889 |   9573 |  12 | 1516.5 |
        Temple |     82 |     38 |     44 |      0 |     30 |   1 |   82.0 |
          Lair |   6532 |   6147 |    385 |    536 |   4111 |   6 | 1088.7 |
  Orcish Mines |    216 |    184 |     32 |      0 |    116 |   1 |  216.0 |
               +--------+--------+--------+--------+--------+-----+--------+

Top non-repeatable levels by time:
     D:9: 2937 daAuts
     D:6: 2226 daAuts
     D:8: 2143 daAuts
    D:10: 1820 daAuts
    D:11: 1486 daAuts
  Lair:6: 1385 daAuts
     D:2: 1305 daAuts
     D:1: 1282 daAuts
  Lair:1: 1255 daAuts
  Lair:5: 1129 daAuts
     D:4: 1129 daAuts
  Lair:2: 1090 daAuts
     D:5: 1025 daAuts
    D:12: 984 daAuts
     D:7: 961 daAuts
